 Dungeon Sprint DCSS version 0.28-a0-1080-g05a166d0ed (webtiles) character file.

Game seed: 9080702527811195002

1187 croobank the Arsonist (level 8, 0/38 HPs)
             Began as a Felid Cinder Acolyte on Dec 10, 2021.
             Was a High Priest of Ignis.
             Killed from afar by a manticore (18 damage)
             ... with a volley of spikes
             ... in the Dungeon (Sprint I: "Red Sonja").
             The game lasted 00:12:16 (1174 turns).

croobank the Arsonist (Felid Cinder Acolyte)        Turns: 1174, Time: 00:12:17

Health: 0/38       AC:  2    Str: 10    XL:     8   Next: 19%
Magic:  17/19      EV: 16    Int: 15    God:    Ignis [*****.]
Gold:   731        SH:  0    Dex:  9    Spells: 28/30 levels left
                                        Lives:  0   Deaths: 3

rFire   + . .      SeeInvis +     - Unarmed
rCold   . . .      Faith    .   (shield unavailable)
rNeg    . . .      Spirit   .   (armour unavailable)
rPois   .          Reflect  .   (helmet unavailable)
rElec   .          Harm     .   (cloak unavailable)
rCorr   .          Rampage  .   (gloves unavailable)
Will    +....      Rage     3%  (boots unavailable)
Stlth   ++........ NoTele   +   (no amulet)
HPRegen 0.12/turn               (no ring)
MPRegen 0.16/turn               (no ring)

@: spiked, unable to read, quick
A: very small, claws 1, fangs 3, see invisible, speed 1, shaggy fur 2, stealthy
paws, no weapons or thrown items, no armour, multi-lived, berserk 2, clumsy 1,
deterioration 2, dopey 1, frail 1, low mp 2, screaming 2, weak 2, no potion heal
1, subdued magic 2, inability to read while threatened
a: Renounce Religion, Fiery Armour, Foxfire Swarm, Rising Flame


You were in the Dungeon.
You worshipped Ignis.
Ignis was extremely pleased with you.
You visited 1 branch You collected 731 gold pieces.

Inventory:

Wands
 c - a wand of polymorph (10)
Scrolls
 f - a scroll of blinking
Potions
 a - 4 potions of curing
 b - a potion of mutation {unknown}
 d - 2 potions of magic
 g - a potion of resistance {unknown}
 h - a potion of might {unknown}


   Skills:
 + Level 9.7 Fighting
 + Level 3.2 Dodging
 + Level 4.1 Stealth
 + Level 12.5 Unarmed Combat
 + Level 11.7 Spellcasting
 + Level 13.5 Fire Magic


You had 28 spell levels left.
You knew the following spells:

 Your Spells              Type           Power      Damage    Failure   Level
a - Scorch                Fire           60%        2d8       0%          2

Your spell library contained the following spells:

 Spells                   Type           Power      Damage    Failure   Level


Dungeon Overview and Level Annotations

Branches:
Dungeon (1/1)

Altars:
Cheibriados
Dithmenos
Elyvilon
Fedhas
Gozag
Hepliaklqana
Kikubaaqudgha
Nemelex Xobeh
Okawaru
Qazlal
Ru
Sif Muna
Trog
Uskayaw
Vehumet
Wu Jian
Yredelemnul
Zin
The Shining One

Shops:
D =*(((([


Innate Abilities, Weirdness & Mutations

You have sharp claws.
You have razor-sharp teeth.
You have supernaturally acute eyesight. (SInv)
You cover ground quickly. (Speed+)
You are covered in thick fur. (AC +2)
Your paws help you pounce on unaware monsters.
You are incapable of wielding weapons or throwing items.
You cannot wear armour.
You gain extra lives every three experience levels.
You often lose your temper in combat.
You are clumsy. (Dex -2)
Your body often deteriorates upon taking damage.
You are dopey. (Int -2)
You are frail. (-10% HP)
Your magical capacity is very low. (-20% MP)
You frequently scream uncontrollably at your foes.
You are very weak. (Str -4)
Potions are less effective at restoring your health.
Your spells are easier to cast, but less powerful.
You sometimes lose the ability to read scrolls when taking damage.


Message History

The centaur warrior is moderately wounded.
The centaur warrior shoots an arrow.
The arrow hits you!
You feel threatened and lose the ability to read scrolls!
Your body deteriorates!
You feel clumsy.
The centaur warrior hits you but does no damage.
The centaur warrior kicks you.
* * * LOW HITPOINT WARNING * * *
You barely miss the centaur warrior.
The centaur warrior is moderately wounded.
The centaur warrior hits you.
* * * LOW HITPOINT WARNING * * *
The centaur warrior kicks you.
* * * LOW HITPOINT WARNING * * *
The centaur warrior unwields a +0 shortbow.
The centaur warrior hits you!
You die...
The centaur warrior kicks you.
You are now level 8!
You rejoin the land of the living...
Okay, then.
There is an open door, spattered with blood here.
There is an open door here.
The centaur warrior wields a +0 shortbow.
The centaur warrior shoots an arrow.
The arrow hits you!!
Ouch! That really hurt!
There is an open door, spattered with blood here.
Aiming: Polymorph
Press: ? - help, Shift-Dir - straight line, f - centaur warrior
Aim: a centaur warrior, wielding a +0 shortbow and quivering arrows (moderately wounded, will become a faun, a manticore, or an unseen horror, chance to affect: 28%)
The centaur warrior evaporates and reforms as a manticore!
Casting: Scorch (safe; 0% risk of failure)
Confirm with . or Enter, or press ? or * to list all spells.
Flames lash the manticore.
The manticore is moderately wounded.
The manticore's fire resistance burns away.
The manticore flicks its tail.
The volley of spikes hits you!!
The barbed spikes become lodged in your body.
You feel threatened and lose the ability to read scrolls!
You die...

################
#<.#..)..#..'..#
#..'.)#..').#..+
#..#####'#####'# ###
#..####..#...#.####§(#
#..#__####.@##.#§§§§§#
#..#_____##'#_.'§≈§c§+
#⌠⌠#_.∩...†...c#≈§§c§#
####_..__##_H#+##c####
#_____###'# #.c?.###
############.####[###.##
#∩........'.).'.....'(∩#
###''''####...##########
#.......####.###


You could see a manticore (combustible).

Vanquished Creatures
  Sonja (D)
  A deep troll (D)
  8 shining eyes (D)
  Sigmund (D)
  A yak (D)
  3 floating eyes (D)
  An ogre (D)
  A jelly (D)
  Ijyb (D)
18 creatures vanquished.

Vanquished Creatures (collateral kills)
  A floating eye (D)
1 creature vanquished.

Vanquished Creatures (others)
  2 ballistomycete spores (D)
2 creatures vanquished.

Grand Total: 21 creatures vanquished

Notes
Turn   | Place    | Note
-------+----------+-------------------------------------------
     0 | D        | croobank the Felid Cinder Acolyte began the quest for the
                  | Orb.
     0 | D        | Reached XP level 1. HP: 10/10 MP: 3/3
     1 | D        | Noticed Ijyb
    15 | D        | Killed Ijyb
    16 | D        | Reached skill level 4 in Fire Magic
    16 | D        | Reached XP level 2. HP: 15/15 MP: 4/4
    17 | D        | Noticed an ogre
    21 | D        | Learned a level 2 spell: Scorch
    27 | D        | Killed an ogre
    28 | D        | Reached skill level 5 in Fighting
    28 | D        | Reached skill level 1 in Stealth
    28 | D        | Reached skill level 5 in Fire Magic
    28 | D        | Reached XP level 3. HP: 19/19 MP: 5/5
    28 | D        | Reached XP level 4. HP: 23/23 MP: 6/6
    41 | D        | Noticed Sigmund
    44 | D        | Killed Sigmund
    45 | D        | Reached skill level 7 in Fire Magic
    45 | D        | Reached XP level 5. HP: 22/28 MP: 0/9
   146 | D        | Found an ornate altar of the Wu Jian Council.
   146 | D        | Found a shimmering blue altar of Sif Muna.
   148 | D        | Found a radiant altar of Vehumet.
   151 | D        | Gained mutation: You are covered in thick fur. (AC +2)
                  | [Felid growth]
   151 | D        | Reached XP level 6. HP: 33/33 MP: 5/10
   194 | D        | Noticed a centaur warrior
   199 | D        | Noticed Sonja
   205 | D        | Killed Sonja
   206 | D        | Reached skill level 10 in Unarmed Combat
   206 | D        | Reached skill level 5 in Spellcasting
   206 | D        | Reached skill level 9 in Fire Magic
   206 | D        | Reached XP level 7. HP: 25/37 MP: 2/15
   354 | D        | Noticed a deep troll
   364 | D        | HP: 1/37 [deep troll (5)]
   365 | D        | Demolished by a deep troll
   366 | D        | Reached XP level 6. HP: -16/34 MP: 8/14
   373 | D        | HP: 1/51 [deep troll (14)]
   375 | D        | Killed a deep troll
   376 | D        | Reached skill level 1 in Dodging
   376 | D        | Reached skill level 10 in Fire Magic
   376 | D        | Reached XP level 7. HP: 2/38 MP: 13/17
   679 | D        | Found Bogric's Armour Emporium.
   709 | D        | Found Qausiaw's Jewellery Boutique.
   711 | D        | Noticed a shining eye
   711 | D        | Noticed a shining eye
   711 | D        | Noticed a shining eye
   711 | D        | Paralysed by a floating eye for 4 turns
   727 | D        | Killed a shining eye
   727 | D        | Paralysed by a floating eye for 4 turns
   728 | D        | Reached skill level 11 in Fire Magic
   728 | D        | Reached XP level 8. HP: 42/42 MP: 7/19
   733 | D        | Paralysed by a floating eye for 2 turns
   851 | D        | Gained mutation: You occasionally shout uncontrollably at
                  | your foes. [a shining eye]
   854 | D        | Noticed a shining eye
   854 | D        | Gained mutation: You are weak. (Str -2) [a shining eye]
   855 | D        | Gained mutation: You are dopey. (Int -2) [a shining eye]
   860 | D        | Killed a shining eye
   861 | D        | Reached XP level 9. HP: 46/46 MP: 5/22
   861 | D        | Lost mutation: You are dopey. (Int -2) [a shining eye]
   866 | D        | Gained mutation: You sometimes lose the ability to read
                  | scrolls when taking damage. [a shining eye]
   868 | D        | Gained mutation: Your body sometimes deteriorates upon
                  | taking damage. [a shining eye]
   869 | D        | Killed a shining eye
   870 | D        | Reached skill level 12 in Fire Magic
   873 | D        | Noticed a shining eye
   873 | D        | Noticed a shining eye
   878 | D        | Gained mutation: You are frail. (-10% HP) [a shining eye]
   882 | D        | Gained mutation: You frequently scream uncontrollably at
                  | your foes. [a shining eye]
   886 | D        | Gained mutation: Your spells are a little easier to cast,
                  | but a little less powerful. [a shining eye]
   888 | D        | Gained mutation: Your magical capacity is low. (-10% MP) [a
                  | shining eye]
   889 | D        | Gained mutation: You are very weak. (Str -4) [a shining
                  | eye]
   891 | D        | Killed a shining eye
   891 | D        | Gained mutation: You tend to lose your temper in combat. [a
                  | shining eye]
   892 | D        | Reached skill level 10 in Spellcasting
   899 | D        | Gained mutation: Potions are less effective at restoring
                  | your health. [a shining eye]
   900 | D        | Killed a shining eye
   903 | D        | Gained mutation: Your spells are easier to cast, but less
                  | powerful. [a shining eye]
   910 | D        | Gained mutation: You often lose your temper in combat. [a
                  | shining eye]
   911 | D        | Killed a shining eye
   912 | D        | Reached skill level 13 in Fire Magic
   913 | D        | Noticed a shining eye
   913 | D        | Noticed a shining eye
   917 | D        | Gained mutation: You are dopey. (Int -2) [a shining eye]
   922 | D        | Gained mutation: Your body often deteriorates upon taking
                  | damage. [a shining eye]
   925 | D        | Killed a shining eye
   926 | D        | Reached XP level 10. HP: 45/45 MP: 0/23
   926 | D        | Gained mutation: You are clumsy. (Dex -2) [a shining eye]
   930 | D        | Gained mutation: Your magical capacity is very low. (-20%
                  | MP) [a shining eye]
   932 | D        | Killed a shining eye
  1063 | D        | Found Dolurghaly's Assorted Antiques.
  1063 | D        | Found Mudir's Antique Weapon Shop.
  1063 | D        | Found Cesyleer's Antique Weapon Emporium.
  1063 | D        | Found Firchuuh's Weapon Boutique.
  1098 | D        | Found Ygosooce's Antique Weapon Emporium.
  1098 | D        | Found an ancient bone altar of Kikubaaqudgha.
  1098 | D        | Found a stormy altar of Qazlal.
  1098 | D        | Found a blossoming altar of Fedhas.
  1098 | D        | Found a bloodstained altar of Trog.
  1098 | D        | Found an iron altar of Okawaru.
  1098 | D        | Found a glowing golden altar of the Shining One.
  1098 | D        | Found a glowing silver altar of Zin.
  1098 | D        | Found a white marble altar of Elyvilon.
  1123 | D        | Found a hazy altar of Hepliaklqana.
  1123 | D        | Found a hide-covered altar of Uskayaw.
  1123 | D        | Found a basalt altar of Yredelemnul.
  1123 | D        | Found a snail-covered altar of Cheibriados.
  1123 | D        | Found a sacrificial altar of Ru.
  1123 | D        | Found a shadowy altar of Dithmenos.
  1125 | D        | Found an opulent altar of Gozag.
  1139 | D        | Found a sparkling altar of Nemelex Xobeh.
  1150 | D        | Noticed a centaur warrior
  1158 | D        | Shot with an arrow by a centaur warrior
  1159 | D        | Reached XP level 9. HP: -8/41 MP: 17/20
  1164 | D        | Slain by a centaur warrior
  1165 | D        | Reached XP level 8. HP: -4/38 MP: 15/19
  1173 | D        | Noticed a manticore
  1173 | D        | a centaur warrior changed into a manticore
  1174 | D        | Killed from afar by a manticore

Illustrated notes

Levels and vault maps discovered:
D:        dungeon_sprint_1 [red_sonja_temple_1, red_sonja_temple_small_1]

Skill      XL: |  1  2  3  4  5  6  7  8  9 |
---------------+----------------------------+-----
Fighting       | 4 5 7 9 |  9.7
Unarmed Combat | 4 6 7 8 10 11 12 | 12.5
Fire Magic     | 4 5 7 10 11 13 | 13.5
Stealth        | 1 2 3 4 |  4.1
Spellcasting   | 2 6 7 8 11 | 11.7
Dodging        | 1 2 3 |  3.2

Action                   |  1- 3 |  4- 6 |  7- 9 | 10-12 || total
-------------------------+-------+-------+-------+-------++-------
Melee: Unarmed           |    15 |     3 |    42 |    13 ||    73
       Punch             |       |     1 |     3 |       ||     4
       Bite              |       |       |     6 |     1 ||     7
 Cast: Scorch            |       |    10 |    31 |     4 ||    45
Evoke: Wand              |       |       |     1 |       ||     1
  Use: Potion            |     1 |     1 |     2 |       ||     4
       Scroll            |       |     1 |     1 |       ||     2
 Stab: Confused          |     1 |       |       |       ||     1
Armor: Skin              |       |     1 |     1 |       ||     2
Dodge: Dodged            |     8 |     4 |     5 |    10 ||    27

Table legend: (Time is in decaauts)
 A = Elapsed time spent in this place.
 B = Non-inter-level travel time spent in this place.
 C = Inter-level travel time spent in this place.
 D = Time resting spent in this place.
 E = Time spent auto-exploring this place.
 F = Levels seen in this place.
 G = Mean time per level.
                   A        B        C        D        E       F      G
               +--------+--------+--------+--------+--------+-----+--------+
         Total |   1112 |   1112 |      0 |    521 |    342 |   1 | 1112.0 |
       Dungeon |   1112 |   1112 |      0 |    521 |    342 |   1 | 1112.0 |
               +--------+--------+--------+--------+--------+-----+--------+

Top non-repeatable levels by time:
       D: 1112 daAuts
